 Dungeon Crawl Stone Soup version 0.21.0-25-ge575cb9ce8 (webtiles) character file.

660 Krosko the Cudgeler (level 7, -4/72 HPs)
             Began as a Troll Berserker on Jan 22, 2018.
             Was a Priest of Trog.
             Slain by NihilVerum's ghost (20 damage)
             ... on level 4 of the Dungeon.
             The game lasted 00:10:16 (2905 turns).

Krosko the Cudgeler (Troll Berserker)               Turns: 2905, Time: 00:10:17

Health: -4/72      AC:  5    Str: 28    XL:     7   Next: 30%
Magic:  6/6        EV: 10    Int:  3    God:    Trog [***...]
Gold:   105        SH:  0    Dex:  9    Spells: 6/6 levels left

rFire    . . .     SeeInvis .   l - +0 flail (drain)
rCold    . . .     Gourm    +   (no shield)
rNeg     . . .     Faith    +   b - +0 animal skin
rPois    .         Spirit   .   (helmet restricted)
rElec    .         Reflect  .   (no cloak)
rCorr    .         Harm     .   (gloves unavailable)
MR       .....                  (boots unavailable)
Stlth    +.........             m - amulet of faith
HPRegen  0.62/turn              (no ring)
MPRegen  0.10/turn              (no ring)

@: berserk cooldown, slowed, very slow
A: large, unfitting armour, claws 3, fast metabolism 3, gourmand, regeneration
1, shaggy fur 1, tough skin 2
a: Berserk, Trog's Hand, Burn Spellbooks, Renounce Religion


You were on level 4 of the Dungeon.
You worshipped Trog.
Trog was most pleased with you.
You were very full.

You visited 1 branch of the dungeon, and saw 4 of its levels.

You collected 105 gold pieces.

Inventory:

Hand Weapons
 a - a +0 mace
 l - a +0 flail of draining (weapon)
Armour
 b - a +0 animal skin (worn)
Jewellery
 m - an amulet of faith (around neck)
Wands
 i - a wand of iceblast (10)
 k - a wand of flame (22)
 q - a wand of enslavement (7)
Scrolls
 f - 3 scrolls of identify
 h - a scroll of teleportation {unknown}
 n - a scroll of fear {unknown}
 p - a scroll of noise {unknown}
Potions
 d - a potion of magic {unknown}
 e - a potion of heal wounds {unknown}
 g - 2 potions of curing {unknown}
 j - a potion of might {unknown}
 r - a potion of flight {unknown}
Comestibles
 c - 8 rations
 o - 6 chunks of flesh


   Skills:
 + Level 5.3 Fighting
 + Level 5.8 Maces & Flails
 - Level 2.4 Dodging


You had 6 spell levels left.
You didn't know any spells.

Dungeon Overview and Level Annotations

Branches:
Dungeon (4/15)             Temple (0/1) D:4

Altars:
Elyvilon

Shops:
D:4 %

Annotations:
D:4 NihilVerum's ghost, novice TrBe


Innate Abilities, Weirdness & Mutations

You are too large for most types of armour.
You have claws for hands.
Your metabolism is lightning-fast.
You like to eat raw meat.
Your natural rate of healing is unusually fast.
You are covered in fur. (AC +1)
You have very tough skin. (AC +2)


Message History

You barely miss NihilVerum's ghost.
NihilVerum's ghost is heavily damaged.
NihilVerum's ghost hits you!!
* * * LOW HITPOINT WARNING * * *
You sock NihilVerum's ghost!
NihilVerum's ghost is heavily damaged.
You feel a strong urge to attack something.
You sock NihilVerum's ghost!
NihilVerum's ghost is severely damaged.
You closely miss NihilVerum's ghost.
NihilVerum's ghost is severely damaged.
NihilVerum's ghost hits you.
* * * LOW HITPOINT WARNING * * *
You are no longer berserk.
You are exhausted.
You feel yourself slow down.
You barely miss NihilVerum's ghost.
NihilVerum's ghost is severely damaged.
NihilVerum's ghost hits you!!
You die...

# #.......#
####.......#
...........#####
..###..........##
..# ##########..#
..# ##.## ###
#..# #.∩# ##@#
######W######
#≈≈§§#.#≈≈≈≈#
#≈≈≈≈#.#§≈≈≈#
#§≈≈≈#.#≈≈≈≈#
#≈≈≈##.##≈≈≈#
#§≈≈#...#≈≈≈#
#≈§≈#%>.#§§§#
#§≈§#...#≈§§#


You could see NihilVerum's ghost.

Vanquished Creatures
  Sigmund (D:2)
  A phantom (D:3)
  A scorpion (D:4)
  An orc priest (D:3)
  A centaur skeleton (D:4)
  An orc wizard (D:4)
  2 worker ants (D:4)
  A hound skeleton (D:4)
  4 gnolls (D:3)
  5 adders
  An ooze (D:1)
  2 worms (D:3)
  6 dart slugs
  3 leopard geckos
  16 orcs
  8 giant cockroaches
  8 hobgoblins
  5 jackals
  10 kobolds
  A quokka (D:2)
  12 bats
  6 frilled lizards
  6 goblins
  A quokka skeleton (D:4)
  8 rats
111 creatures vanquished.

Notes
Turn   | Place    | Note
-------+----------+-------------------------------------------
     0 | D:1      | Krosko the Troll Berserker began the quest for the Orb.
     0 | D:1      | Reached XP level 1. HP: 22/22 MP: 0/0
    65 | D:1      | Reached XP level 2. HP: 29/29 MP: 1/1
   315 | D:1      | Reached XP level 3. HP: 37/37 MP: 2/2
   365 | D:1      | Reached ** piety under Trog
   788 | D:2      | Noticed Sigmund
   800 | D:2      | Killed Sigmund
   800 | D:2      | Reached XP level 4. HP: 48/48 MP: 3/3
   800 | D:2      | Reached XP level 5. HP: 54/54 MP: 4/4
   972 | D:2      | Found a white marble altar of Elyvilon.
  1673 | D:3      | Reached XP level 6. HP: 62/62 MP: 5/5
  1835 | D:3      | Reached *** piety under Trog
  2109 | D:3      | Reached skill level 5 in Maces & Flails
  2576 | D:4      | Reached skill level 5 in Fighting
  2576 | D:4      | Reached XP level 7. HP: 67/72 MP: 6/6
  2883 | D:4      | Found Batit's Food Shoppe.
  2888 | D:4      | Found a staircase to the Ecumenical Temple.
  2888 | D:4      | Noticed NihilVerum's ghost (novice TrBe)
  2905 | D:4      | Slain by NihilVerum's ghost

Skill      XL: |  1  2  3  4  5  6 |
---------------+-------------------+-----
Maces & Flails | 3 4 5 |  5.8
Fighting       | 3 4 5 |  5.3
Dodging        | |  2.4

Action                   |  1- 3 |  4- 6 |  7- 9 || total
-------------------------+-------+-------+-------++-------
Melee: Mace              |   103 |   159 |       ||   262
       Flail             |       |    47 |    59 ||   106
Invok: Berserk           |     1 |     4 |     1 ||     6
       Trog's Hand       |       |     3 |       ||     3
  Use: Scroll            |       |     2 |       ||     2
 Stab: Sleeping          |       |     1 |       ||     1
  Eat: Chunk             |    13 |    22 |     4 ||    39
Armor: Animal skin       |    46 |    92 |    15 ||   153
Dodge: Dodged            |    67 |   150 |    30 ||   247
